 Dungeon Crawl Stone Soup version 0.30-a0-723-gc1506a1cf0 (webtiles) character file.

Game seed: 1565153435396629229

4425 Leeroy the Magician (level 10, -15/79 HPs)
             Began as a Gnoll Warper on Jan 28, 2023.
             Was a Believer of the Shining One.
             Demolished by an orc warrior
             ... wielding a +0 halberd of venom
              (16 damage)
             ... on level 7 of the Dungeon.
             The game lasted 00:16:19 (7777 turns).

Leeroy the Magician (Gnoll Warper)                  Turns: 7777, Time: 00:16:20

Health: -15/79     AC: 15    Str:  5    XL:     10   Next: 36%
Magic:  21/21      EV: 12    Int: 20    God:    the Shining One [**....]
Gold:   305        SH:  0    Dex: 22    Spells: 4/23 levels left

rFire   + + .      SeeInvis .    s - +6 scimitar (flame)
rCold   + . .      Faith    .    (no shield)
rNeg    + . .      Spirit   .    a - +0 swamp dragon scales
rPois   +          Reflect  .    n - +0 helmet
rElec   +          Harm     .    v - scarf {shadows}
rCorr   +          Rampage  .    (no gloves)
Will    .....                    A - +0 pair of boots
Stlth   +                        (no amulet)
HPRegen 0.33/turn                G - ring "Usty" {rElec rCorr Str-5 Int+7 Dex+6}
MPRegen 0.17/turn                z - +4 ring of protection

@: confused, lethally poisoned (-15 -> -16), resistant, on berserk cooldown,
flying, slowed, glowing, very slow
A: fangs 1, strong nose, distributed training, fire resistance 1, poison
resistance, screaming 1, evolution 1
a: Renounce Religion, Divine Shield


You were on level 7 of the Dungeon.
You worshipped the Shining One.
The Shining One was pleased with you.
You visited 2 branches of the dungeon, and saw 9 of its levels.

You collected 305 gold pieces.

Inventory:

Hand Weapons
 e - a +1 dagger of venom
 s - a +6 scimitar of flaming (weapon)
 w - a +1 mace of holy wrath
 E - a +4 scimitar
 O - a +1 whip of electrocution
 R - a +0 flail of protection
 S - a +1 spear of freezing
 T - a +3 falchion of holy wrath
 W - a +0 whip of distortion
 Z - a +3 scimitar of freezing
Missiles
 d - 7 boomerangs of dispersal
 y - 19 poisoned darts
 D - a throwing net
 X - 4 atropa-tipped darts
Armour
 a - +0 swamp dragon scales (worn)
 n - a +0 helmet (worn)
 v - a scarf of shadows (worn)
 A - a +0 pair of boots (worn)
 I - a +1 robe of resistance
 M - the +1 leather armour "Wunkij" {rCorr Int-4 Dex+3 SInv}
   (You found it on level 4 of the Dungeon)

   Int:       It affects your intelligence (-4).
   Dex:       It affects your dexterity (+3).
   SInv:      It lets you see invisible.
   rCorr:     It protects you from acid and corrosion.
 V - a scarf of shadows
Jewellery
 i - a ring of protection from cold
 z - a +4 ring of protection (right hand)
 G - the ring "Usty" (left hand) {rElec rCorr Str-5 Int+7 Dex+6}
   (You found it on level 4 of the Dungeon)

   [ring of dexterity]

   Str:       It affects your strength (-5).
   Int:       It affects your intelligence (+7).
   Dex:       It affects your dexterity (+6).
   rElec:     It insulates you from electricity.
   rCorr:     It protects you from acid and corrosion.
Wands
 b - a wand of flame (9)
 p - a wand of roots (3) (quivered)
 B - a wand of polymorph (15)
 K - a wand of mindburst (13)
Scrolls
 c - 2 scrolls of blinking
 f - 2 scrolls of amnesia
 h - 2 scrolls of vulnerability
 o - a scroll of brand weapon
 q - 4 scrolls of fog
 u - 3 scrolls of teleportation
 F - a scroll of noise
 N - a scroll of poison {unknown}
 Q - 2 scrolls of enchant armour {unknown}
 Y - a scroll of torment {unknown}
Potions
 g - a potion of flight
 k - a potion of lignification {unknown}
 l - 2 potions of mutation
 m - 2 potions of degeneration
 r - a potion of ambrosia {unknown}
 t - a potion of might {unknown}
 x - a potion of experience {unknown}
 C - a potion of berserk rage
 H - a potion of heal wounds {unknown}
 J - a potion of attraction {unknown}
 P - a potion of resistance
 U - a potion of brilliance {unknown}


   Skills:
 + Level 7.2 Fighting
 + Level 5.4 Short Blades
 + Level 7.2 Long Blades
 + Level 5.4 Axes
 + Level 5.4 Maces & Flails
 + Level 5.4 Polearms
 + Level 5.4 Staves
 + Level 5.4 Ranged Weapons
 + Level 6.0 Throwing
 + Level 6.0 Armour
 + Level 7.2 Dodging
 + Level 5.4 Stealth
 + Level 5.4 Shields
 + Level 5.4 Unarmed Combat
 + Level 7.4 Spellcasting
 + Level 4.4 Conjurations
 + Level 4.4 Hexes
 + Level 4.4 Summonings
 + Level 4.4 Necromancy
 + Level 7.1 Translocations
 + Level 4.4 Transmutations
 + Level 4.4 Fire Magic
 + Level 4.4 Ice Magic
 + Level 4.4 Air Magic
 + Level 4.4 Earth Magic
 + Level 4.4 Poison Magic
 + Level 5.9 Invocations
 + Level 5.4 Evocations


You had 4 spell levels left.
You knew the following spells:

 Your Spells              Type           Power      Damage    Failure   Level
a - Blink                 Tloc           72%        N/A       2%          2
b - Teleport Other        Tloc           36%        N/A       5%          3
c - Vhi's Electric Charg  Tloc/Air       60%        N/A       10%         3
d - Manifold Assault      Tloc           36%        N/A       19%         4
e - Mephitic Cloud        Conj/Pois/Air  25%        N/A       17%         3
f - Animate Armour        Summ/Erth      50%        N/A       50%         4

Your spell library contained the following spells:

 Spells                   Type           Power      Damage    Failure   Level
 Apportation              Tloc           72%        N/A       1%          1
 Lesser Beckoning         Tloc           72%        N/A       2%          2
 Freeze                   Ice            100%       1d10      5%          1
 Magic Dart               Conj           100%       1d8       5%          1
 Necrotise                Necr           100%       1d9       5%          1
 Sandblast                Erth           50%        2d12      5%          1
 Shock                    Conj/Air       100%       1d9       5%          1
 Summon Small Mammal      Summ           100%       N/A       5%          1
 Call Imp                 Summ           25%        N/A       9%          2
 Passwall                 Tmut/Erth      20%        N/A       9%          2
 Portal Projectile        Hex/Tloc       60%        N/A       10%         3
 Frozen Ramparts          Ice            50%        1d8       17%         3
 Hailstorm                Conj/Ice       25%        3d7       17%         3
 Stone Arrow              Conj/Erth      50%        3d10      17%         3
 Swiftness                Air            25%        N/A       17%         3
 Tukima's Dance           Hex            25%        N/A       17%         3
 Airstrike                Air            12%        2d(2-18)  50%         4
 Summon Forest            Summ/Tloc      15%        N/A       65%         5
 Alistair's Intoxication  Tmut/Pois      16%        N/A       83%         5
 Blade Hands              Tmut           12%        N/A       83%         5
 Summon Mana Viper        Hex/Summ       25%        N/A       83%         5
 Summon Cactus Giant      Summ           12%        N/A       100%        6
 Lehudib's Crystal Spear  Conj/Erth      12%        10d4      100%        8


Dungeon Overview and Level Annotations

Branches:
Dungeon (8/15)             Temple (1/1) D:5
   Lair: D:8-11

Altars:
Ashenzari
Cheibriados
Dithmenos
Elyvilon
Fedhas
Gozag
Hepliaklqana
Kikubaaqudgha
Makhleb
Nemelex Xobeh
Qazlal
Ru
Sif Muna
Trog
Uskayaw
Wu Jian
Xom
Yredelemnul
Zin
The Shining One

Shops:
D:8 (

Annotations:
D:6 Grinder


Innate Abilities, Weirdness & Mutations

You have very sharp teeth.
Your uncanny sense of smell can sniff out nearby items.
Your experience applies equally to all skills.
Your flesh is heat resistant. (rF+)
Your system is resistant to poisons. (rPois)
You occasionally shout uncontrollably at your foes.
You have hidden genetic potential.


Message History

The orc wizard is almost dead.
The orc wizard casts a spell at you.
You are confused.
The orc warrior barely misses you.
The orc wizard hits you with a +0 dagger.
* * * LOW HITPOINT WARNING * * *
The orc warrior barely misses you.
You bump into the rock wall.
The orc wizard hits you but does no damage.
The orc warrior hits you but does no damage.
You are too confused!
You're too confused to cast spells.
Unknown command.
It was a potion of flight.
You feel very buoyant.
You fly up into the air.
The orc wizard points at you and mumbles some strange words.
You easily resist.
The orc wizard gestures wildly while chanting.
The orc wizard flickers and vanishes!
The orc warrior hits you from afar with a +0 halberd of venom.
* * * LOW HITPOINT WARNING * * *
The orc wizard barely misses you.
The orc warrior hits you but does no damage.
You are poisoned.
Okay, then.
Okay, then.
Okay, then.
It was a potion of resistance.
You feel protected.
You feel sick.
The orc wizard hits you but does no damage.
The orc warrior hits you from afar with a +0 halberd of venom.
* * * LOW HITPOINT WARNING * * *
Okay, then.
It was a potion of magic.
Magic courses through your body.
* * * LOW HITPOINT WARNING * * *
You feel sick. The orc wizard closely misses you.
The orc warrior hits you from afar with a +0 halberd of venom!
You die...

.......#...# #.........
...........# #.... ...
.....####..# #..####.##
..## ##..###.....#'##
##...#....##.....
###....#.....#.....
#.#..........'.._..
#####[#o..##.....#.....
#.....@oo.###...#..5Z..
##.....##o.#
##..#.#.'##
#......##..# #..#.#..#.
#.......#..# #.........
###...!....o.#
#.Z.......
.{###........#
#.#.....##
....###......#
#...#####
.o...###..#.†# +.
......#####§# .


You could see an orc warrior and 3 orc wizards.

Vanquished Creatures
  Pikel (D:4)
  An unseen horror zombie (D:8)
  Maggie (D:8)
  Eustachio (D:5)
  A steam dragon (D:6)
  Menkaure (D:5)
  3 water moccasins
  An ice beast (D:5)
  2 sky beasts
  A black bear (D:7)
  A hornet zombie (D:8)
  2 ogres
  A phantom (D:5)
  A necrophage (D:8)
  3 wyvern zombies (D:8)
  2 scorpions
  13 wights
  4 killer bees
  2 howler monkeys
  2 centaur zombies (D:8)
  A human zombie (D:8)
  A hound (D:5)
  3 orc priests (D:5)
  An iron imp (D:7)
  7 orc wizards
  2 mummies (D:8)
  A howler monkey zombie (D:8)
  4 gnolls
  9 adders
  2 white imps (D:8)
  2 ufetubi
  3 worms
  2 dart slugs
  18 orcs
  5 ball pythons
  6 bats
  6 endoplasms
  2 giant cockroaches
  9 goblins
  2 hobgoblins
  6 jackals
  5 kobolds
  2 quokkas
  3 frilled lizards
  3 goblin skeletons (D:7)
  A kobold skeleton (D:7)
  2 orc skeletons (D:7)
  2 rats
154 creatures vanquished.

Vanquished Creatures (others)
  A fungus (D:1)
  2 plants (D:1)
3 creatures vanquished.

Grand Total: 157 creatures vanquished

Notes
Turn   | Place    | Note
-------+----------+-------------------------------------------
     0 | D:1      | Leeroy the Gnoll Warper began the quest for the Orb.
     0 | D:1      | Reached XP level 1. HP: 20/20 MP: 6/6
   106 | D:1      | Found a faded altar of an unknown god.
   161 | D:1      | Reached XP level 2. HP: 26/26 MP: 7/7
   322 | D:1      | Learned a level 2 spell: Blink
   488 | D:1      | Reached skill level 5 in Spellcasting
   488 | D:1      | Reached XP level 3. HP: 26/31 MP: 7/9
   651 | D:2      | Reached skill level 1 in Invocations
   661 | D:2      | Reached skill level 1 in Short Blades
   661 | D:2      | Reached skill level 1 in Axes
   661 | D:2      | Reached skill level 1 in Maces & Flails
   661 | D:2      | Reached skill level 1 in Polearms
   661 | D:2      | Reached skill level 1 in Staves
   661 | D:2      | Reached skill level 1 in Ranged Weapons
   661 | D:2      | Reached skill level 1 in Stealth
   661 | D:2      | Reached skill level 1 in Shields
   661 | D:2      | Reached skill level 1 in Unarmed Combat
   661 | D:2      | Reached skill level 1 in Evocations
   790 | D:2      | Reached XP level 4. HP: 38/38 MP: 11/11
   931 | D:2      | Reached skill level 1 in Conjurations
   931 | D:2      | Reached skill level 1 in Hexes
   931 | D:2      | Reached skill level 1 in Summonings
   931 | D:2      | Reached skill level 1 in Necromancy
   931 | D:2      | Reached skill level 1 in Transmutations
   931 | D:2      | Reached skill level 1 in Fire Magic
   931 | D:2      | Reached skill level 1 in Ice Magic
   931 | D:2      | Reached skill level 1 in Air Magic
   931 | D:2      | Reached skill level 1 in Earth Magic
   931 | D:2      | Reached skill level 1 in Poison Magic
  1411 | D:3      | Reached XP level 5. HP: 40/43 MP: 12/12
  1857 | D:3      | Found a sacrificial altar of Ru.
  2346 | D:4      | Learned a level 3 spell: Teleport Other
  2350 | D:4      | Learned a level 3 spell: Vhi's Electric Charge
  2355 | D:4      | Learned a level 4 spell: Manifold Assault
  2359 | D:4      | Identified the ring "Usty" {rElec rCorr Str-5 Int+7 Dex+6}
  2394 | D:4      | Found a sparkling altar of Nemelex Xobeh.
  2696 | D:4      | Found a burning altar of Makhleb.
  2798 | D:4      | Identified the +1 leather armour "Wunkij" {rCorr Int-4
                  | Dex+3 SInv}
  2972 | D:4      | Reached skill level 5 in Fighting
  2972 | D:4      | Reached skill level 5 in Long Blades
  2972 | D:4      | Reached skill level 5 in Dodging
  2972 | D:4      | Reached XP level 6. HP: 51/51 MP: 14/14
  2976 | D:4      | Learned a level 3 spell: Mephitic Cloud
  3120 | D:5      | Entered Level 5 of the Dungeon
  3120 | D:5      | Noticed Pikel
  3144 | D:4      | Killed Pikel
  3145 | D:4      | Reached XP level 7. HP: 56/56 MP: 2/15
  3446 | D:5      | Found a hide-covered altar of Uskayaw.
  3487 | D:5      | Found a staircase to the Ecumenical Temple.
  3499 | Temple   | Entered the Ecumenical Temple
  3707 | D:5      | Reached XP level 8. HP: 63/63 MP: 16/16
  3879 | D:5      | Noticed Menkaure
  4048 | D:5      | Noticed Eustachio
  4106 | D:5      | Killed Menkaure
  4128 | D:5      | Killed Eustachio
  4712 | D:6      | Learned a level 4 spell: Animate Armour
  4712 | D:6      | Noticed a nameless horror
  4901 | D:7      | Reached XP level 9. HP: 59/69 MP: 16/18
  5087 | D:7      | Found a snail-covered altar of Cheibriados.
  5421 | D:6      | Reached skill level 5 in Throwing
  5421 | D:6      | Reached skill level 5 in Armour
  5568 | D:6      | Noticed Grinder
  5645 | D:7      | Found a glowing golden altar of the Shining One.
  5840 | D:7      | Became a worshipper of the Shining One
  6238 | D:8      | Reached skill level 5 in Invocations
  6317 | D:8      | Reached * piety under the Shining One
  6471 | D:8      | Found Aphipp's Weapon Emporium.
  6697 | D:8      | Noticed Maggie
  6731 | D:8      | Killed Maggie
  6867 | D:8      | Reached skill level 5 in Short Blades
  6867 | D:8      | Reached skill level 5 in Axes
  6867 | D:8      | Reached skill level 5 in Maces & Flails
  6867 | D:8      | Reached skill level 5 in Polearms
  6867 | D:8      | Reached skill level 5 in Staves
  6867 | D:8      | Reached skill level 5 in Ranged Weapons
  6867 | D:8      | Reached skill level 5 in Stealth
  6867 | D:8      | Reached skill level 5 in Shields
  6867 | D:8      | Reached skill level 5 in Unarmed Combat
  6867 | D:8      | Reached skill level 5 in Evocations
  6867 | D:8      | Reached XP level 10. HP: 77/77 MP: 16/20
  7121 | D:8      | Reached ** piety under the Shining One
  7221 | D:8      | Found an ancient bone altar of Kikubaaqudgha.
  7765 | D:7      | Gained mutation: You occasionally shout uncontrollably at
                  | your foes. [potion of mutation]
  7765 | D:7      | Gained mutation: Your system is resistant to poisons.
                  | (rPois) [potion of mutation]
  7765 | D:7      | Gained mutation: Your flesh is heat resistant. (rF+)
                  | [potion of mutation]
  7765 | D:7      | Gained mutation: You have hidden genetic potential. [potion
                  | of mutation]
  7776 | D:7      | HP: 3/79 [orc warrior/+0 halberd of venom (6)]
  7777 | D:7      | HP: 1/79 [poisoned by an orc warrior]
  7777 | D:7      | Demolished by an orc warrior

Illustrated notes

Levels and vault maps discovered:
D:1:      evilmike_arrival_plus, layout_rooms, serial_corexii_hall,
          corexii_hall_statues_l, corexii_hall_statues_s,
          corexii_hall_statues_i, shapermc_ecumenical_altar_mp_ritualfount
D:2:      layout_rooms, minmay_unequal
D:3:      layout_loops_ring, overflow_temple_1_default
D:4:      layout_gridville, kennysheep_little_box, overflow_temple_1_default
D:5:      layout_rooms, nicolae_overflow_crystal_walls,
          minmay_temple_entry_gardened_gates, uniq_pikel, uniq_menkaure,
          uniq_eustachio
D:6:      hellmonk_crumbling_castle, layout_basic, minmay_manual_mullet,
          uniq_grinder
D:7:      minmay_flawed_box, layout_basic, slow_altar_1,
          hellmonk_okawaru_the_only_friend_you_need,
          nicolae_tso_besieged_by_evil, kennysheep_generic_room_13,
          uniq_prince_ribbit1
D:8:      layout_basic, lemuel_mausoleum_altar_kikubaaqudgha, serial_shops,
          shop, uniq_maggie
Temple:   nicolae_temple_ecumenical_triangle

Skill      XL: |  1  2  3  4  5  6  7  8  9 10 |
---------------+-------------------------------+-----
Spellcasting   | 5 6 7 |  7.4
Invocations    | 1 2 3 4 5 |  5.9
Short Blades   | 1 2 3 5 |  5.4
Axes           | 1 2 3 5 |  5.4
Maces & Flails | 1 2 3 5 |  5.4
Polearms       | 1 2 3 5 |  5.4
Staves         | 1 2 3 5 |  5.4
Ranged Weapons | 1 2 3 5 |  5.4
Stealth        | 1 2 3 5 |  5.4
Shields        | 1 2 3 5 |  5.4
Unarmed Combat | 1 2 3 5 |  5.4
Evocations     | 1 2 3 5 |  5.4
Conjurations   | 1 2 3 4 |  4.4
Hexes          | 1 2 3 4 |  4.4
Summonings     | 1 2 3 4 |  4.4
Necromancy     | 1 2 3 4 |  4.4
Transmutations | 1 2 3 4 |  4.4
Fire Magic     | 1 2 3 4 |  4.4
Ice Magic      | 1 2 3 4 |  4.4
Air Magic      | 1 2 3 4 |  4.4
Earth Magic    | 1 2 3 4 |  4.4
Poison Magic   | 1 2 3 4 |  4.4
Throwing       | 3 4 5 6 |  6.0
Armour         | 3 4 5 6 |  6.0
Fighting       | 5 6 7 |  7.2
Long Blades    | 5 6 7 |  7.2
Dodging        | 5 6 7 |  7.2
Translocations | 6 7 |  7.1

Action                     |  1- 3 |  4- 6 |  7- 9 | 10-12 || total
---------------------------+-------+-------+-------+-------++-------
  Melee: Dagger            |    96 |   131 |   152 |       ||   379
         Bite              |     8 |    18 |    43 |    10 ||    79
         Punch             |       |     2 |    15 |     6 ||    23
         Mace              |       |       |     7 |       ||     7
         Falchion          |       |       |   130 |    76 ||   206
         Scimitar          |       |       |       |    12 ||    12
   Cast: Mephitic Cloud    |       |     2 |    10 |       ||    12
         Vhi's Electric Ch |       |     1 |    16 |     4 ||    21
         Manifold Assault  |       |       |     2 |       ||     2
         Blink             |       |       |     4 |     1 ||     5
  Evoke: Wand              |       |       |     3 |     3 ||     6
    Use: Scroll            |       |       |     9 |     3 ||    12
         Potion            |       |       |     3 |     5 ||     8
   Stab: Sleeping          |     2 |     5 |     1 |       ||     8
         Confused          |       |     1 |     3 |       ||     4
 Armour: Leather armour    |    34 |    37 |       |       ||    71
         Robe              |       |     3 |    82 |       ||    85
         Swamp dragon scal |       |       |     1 |    49 ||    50
  Dodge: Dodged            |    88 |    78 |   211 |    80 ||   457

Table legend: (Time is in decaauts)
 A = Elapsed time spent in this place.
 B = Non-inter-level travel time spent in this place.
 C = Inter-level travel time spent in this place.
 D = Time resting spent in this place.
 E = Time spent auto-exploring this place.
 F = Levels seen in this place.
 G = Mean time per level.
                   A        B        C        D        E       F      G
               +--------+--------+--------+--------+--------+-----+--------+
         Total |   7753 |   7475 |    278 |   1597 |   4044 |   9 |  861.4 |
       Dungeon |   7698 |   7420 |    278 |   1597 |   4020 |   8 |  962.2 |
        Temple |     54 |     54 |      0 |      0 |     24 |   1 |   54.0 |
               +--------+--------+--------+--------+--------+-----+--------+

Top non-repeatable levels by time:
     D:8: 1714 daAuts
     D:4: 993 daAuts
     D:5: 992 daAuts
     D:7: 961 daAuts
     D:3: 889 daAuts
     D:2: 859 daAuts
     D:6: 708 daAuts
     D:1: 579 daAuts
  Temple: 54 daAuts
